 Dungeon Crawl Stone Soup version 0.22.1-1-ga44c0e56f4 (webtiles) character file.

219 LLavrengius the Grave Robber (level 5, -2/41 HPs)
             Began as a Mummy Necromancer on Oct 31, 2018.
             Killed by divine providence
             ... invoked by an orc priest
              (16 damage)
             ... on level 3 of the Dungeon.
             The game lasted 00:11:41 (2458 turns).

LLavrengius the Grave Robber (Mummy Necromancer)    Turns: 2458, Time: 00:11:42

Health: -2/41      AC:  4    Str: 12    XL:     5   Next: 63%
Magic:  1/11       EV: 11    Int: 14    God:
Gold:   84         SH:  0    Dex: 13    Spells: 3/12 levels left

rFire    x . .     SeeInvis .   k - +0 spear
rCold    + . .     Gourm    .   (no shield)
rNeg     + + +     Faith    .   g - +0 leather armour
rPois    ∞         Spirit   .   (no helmet)
rElec    .         Reflect  .   (no cloak)
rCorr    .         Harm     .   h - +0 pair of gloves
MR       .....                  (no boots)
Stlth    ++........             (no amulet)
HPRegen  0.13/turn              (no ring)
MPRegen  0.12/turn              (no ring)

@: very slightly contaminated
A: no food or potions, fire vulnerability, cold resistance 1, negative energy
resistance 3, torment resistance, unbreathing
a: no special abilities


You were on level 3 of the Dungeon.
You were not hungry.

You visited 1 branch of the dungeon, and saw 3 of its levels.

You collected 84 gold pieces.

Inventory:

Hand Weapons
 k - a +0 spear (weapon)
Missiles
 e - 36 stones (quivered)
Armour
 a - a +0 robe
 c - a +0 large shield
 g - a +0 leather armour (worn)
 h - a +0 pair of gloves (worn)
Jewellery
 j - an uncursed ring of poison resistance {unknown}
 m - an uncursed ring of ice {unknown}
Scrolls
 f - 2 scrolls of identify {unknown}
 l - a scroll of remove curse


   Skills:
 + Level 3.3 Fighting
 - Level 1.5 Dodging
 - Level 1.5 Stealth
 - Level 4.0 Spellcasting
 + Level 5.3 Necromancy


You had 3 spell levels left.
You knew the following spells:

 Your Spells              Type           Power        Failure   Level  Hunger
a - Pain                  Necr           ###.         2%          1    N/A
b - Animate Skeleton      Necr           N/A          2%          1    N/A
c - Vampiric Draining     Necr           ###.......   9%          3    N/A
d - Animate Dead          Necr           N/A          26%         4    N/A

Your spell library contained the following spells:

 Spells                   Type           Power        Failure   Level  Hunger
 Regeneration             Chrm/Necr      Unusable     N/A         3    N/A

Dungeon Overview and Level Annotations

Branches:
Dungeon (3/15)

Altars:
The Shining One


Innate Abilities, Weirdness & Mutations

You do not eat or drink.
Your flesh is vulnerable to fire.
You are immune to poison.
Your flesh is cold resistant. (rC+)
You are immune to negative energy. (rN+++)
You are immune to unholy pain and torment.
You can survive without breathing.


Message History

You barely miss the orc.
The orc priest calls down the wrath of Beogh upon you.
Beogh smites you!
The crimson imp hits Terence.
Terence hits the crimson imp with a flail of draining.
The orc barely misses you.
You barely miss the orc.
The crimson imp hits Terence.
You hit the orc.
The orc is lightly wounded.
The orc closely misses you.
The crimson imp blinks!
The orc priest invokes the aid of Beogh against you.
Beogh smites you!
You are too injured to fight recklessly!
You hit the orc but do no damage. The orc hits you with a mace.
Terence hits the crimson imp with a flail of draining!
The crimson imp hits Terence.
Terence closely misses the crimson imp.
The crimson imp hits Terence.
You swap places.
The orc hits Terence with a mace.
The orc priest calls down the wrath of Beogh upon you.
Beogh smites you!
You die...

#####5#### #.........
###.###†# # ....5...####
###.#....... #.#Z#.#### #
#.#.#[#
###..############§#.#.####
......ooZ@5.........#.....
#################.....####
###.#.# #####


You could see an orc priest, a crimson imp, an orc and the friendly Terence the
human skeleton.

Vanquished Creatures
  Terence (D:3)
  2 orc wizards (D:3)
  A worker ant (D:2)
  4 adders
  3 worms (D:2)
  3 dart slugs
  3 leopard geckos
  5 orcs (D:3)
  A ball python (D:2)
  5 bats
  A giant cockroach (D:1)
  2 goblins
  6 hobgoblins
  7 jackals
  4 kobolds
  5 frilled lizards
  5 rats
58 creatures vanquished.

Vanquished Creatures (collateral kills)
  A leopard gecko (D:3)
  2 orcs (D:3)
  A goblin (D:1)
  A hobgoblin (D:2)
  A jackal (D:3)
6 creatures vanquished.

Grand Total: 64 creatures vanquished

Notes
Turn   | Place    | Note
-------+----------+-------------------------------------------
     0 | D:1      | LLavrengius the Mummy Necromancer began the quest for the
                  | Orb.
     0 | D:1      | Reached XP level 1. HP: 13/13 MP: 4/4
    40 | D:1      | Learned a level 1 spell: Animate Skeleton
   607 | D:1      | Reached XP level 2. HP: 20/20 MP: 4/6
   845 | D:1      | Reached skill level 1 in Fighting
  1080 | D:1      | Reached XP level 3. HP: 23/26 MP: 8/8
  1657 | D:2      | Reached XP level 4. HP: 32/33 MP: 5/10
  1662 | D:2      | Learned a level 3 spell: Vampiric Draining
  1667 | D:2      | Learned a level 4 spell: Animate Dead
  2214 | D:3      | Found a glowing golden altar of the Shining One.
  2224 | D:3      | Reached XP level 5. HP: 22/39 MP: 9/11
  2232 | D:3      | Reached skill level 5 in Necromancy
  2335 | D:3      | Noticed Terence
  2351 | D:3      | Killed Terence
  2458 | D:3      | Killed from afar by an orc priest

Skill      XL: |  1  2  3  4  5 |
---------------+----------------+-----
Spellcasting   | 3 4 |  4.0
Fighting       | 1 2 3 |  3.3
Necromancy     | 5 |  5.3
Dodging        | |  1.5
Stealth        | |  1.5

Action                   |  1- 3 |  4- 6 || total
-------------------------+-------+-------++-------
Melee: Club              |    10 |       ||    10
       Hand axe          |    48 |     6 ||    54
       Spear             |       |    51 ||    51
Throw: Stone             |     3 |       ||     3
 Cast: Pain              |    55 |    36 ||    91
       Animate Skeleton  |     5 |     4 ||     9
       Vampiric Draining |       |     2 ||     2
       Animate Dead      |       |     1 ||     1
  Use: Scroll            |       |     4 ||     4
 Stab: Sleeping          |     2 |     4 ||     6
Armor: Leather armour    |    27 |    11 ||    38
       Robe              |     1 |       ||     1
Dodge: Dodged            |    51 |    21 ||    72
